[Event "December 19 Early 2023"]
[Site "https://www.chess.com"]
[Date "2023.12.19"]
[Round "7"]
[White "Kashefi, Amir Hosein"]
[Black "Delorme, Axel"]
[Result "1-0"]
[Board "113"]
[TimeControl "180+1"]
[WhiteFideId "12557935"]
[BlackFideId "632023"]
[WhiteElo "2109"]
[BlackElo "2478"]
[WhiteTeam "IRI"]
[BlackTeam "FRA"]
[WhiteClock "0:01:26"]
[BlackClock "0:00:00"]

1. Nf3 d5 2. g3 e6 3. Bg2 Nf6 4. O-O c5 5. b3 Nc6 6. Bb2 Be7 7. d3 O-O 8. Nbd2 b6 9. e4 Bb7 10. Qe2 a5 11. a4 Nb4 12. exd5 Bxd5 13. Rfe1 Nxc2 14. Nc4 Nxa1 15. Bxa1 Nd7 16. Ne3 Bxb3 17. Qb2 Bf6 18. Qxb3 Bxa1 19. Rxa1 Rb8 20. Nc4 Qc7 21. Rb1 Rfd8 22. h4 h6 23. Qc3 Nf6 24. Qe5 Qa7 25. Qc3 Nd5 26. Qb3 Nb4 27. Rd1 b5 28. axb5 a4 29. Qc3 Rxb5 30. Nfe5 Rd4 31. Na3 Rb8 32. Nc2 Nxc2 33. Qxc2 a3 34. Nc6 Qb6 35. Nxb8 Qxb8 36. Qxc5 Ra4 37. Qc1 a2 38. Qa1 Qb3 39. Rc1 Qxd3 40. Bf1 Qg6 41. Rd1 Ra5 42. Rd8+ 1-0

[Event "December 19 Early 2023"]
[Site "https://www.chess.com"]
[Date "2023.12.19"]
[Round "7"]
[White "Stillger, Bernhard"]
[Black "Waldhausen Gordon, Frederick"]
[Result "1/2-1/2"]
[Board "114"]
[TimeControl "180+1"]
[WhiteFideId "4610768"]
[BlackFideId "2409143"]
[WhiteElo "2252"]
[BlackElo "2286"]
[WhiteTeam "GER"]
[BlackTeam "SCO"]
[WhiteClock "0:01:51"]
[BlackClock "0:02:20"]

1. Nf3 c5 2. c4 Nc6 3. Nc3 g6 4. e3 e5 5. d4 cxd4 6. exd4 exd4 7. Nxd4 Bg7 8. Be3 Nge7 9. Be2 O-O 10. O-O d5 11. cxd5 Nxd5 12. Nxd5 Nxd4 13. Bxd4 Qxd5 14. Bxg7 Qxd1 15. Rfxd1 Kxg7 16. Bf3 Be6 17. Bxb7 Rab8 18. Bd5 Bxd5 19. Rxd5 Rxb2 20. Ra5 Rd8 21. Rxa7 Rdd2 22. Rf1 Rxa2 23. Rxa2 Rxa2 24. g3 h5 25. h4 Kf6 26. Kg2 Kf5 27. Rb1 Ra5 28. Rb7 f6 29. Rb3 Ra4 30. Rf3+ Ke5 31. Re3+ Re4 32. Ra3 Rd4 33. Ra5+ Rd5 34. Ra6 Rd6 35. Ra5+ Rd5 36. Ra6 Kf5 37. Ra3 Rd2 38. Rf3+ Ke5 39. Re3+ Kf5 40. Rf3+ Ke6 41. Re3+ Kf5 42. Rf3+ 1/2-1/2

[Event "December 19 Early 2023"]
[Site "https://www.chess.com"]
[Date "2023.12.19"]
[Round "7"]
[White "aksuliini1"]
[Black "Szyszylo, Rafal"]
[Result "1-0"]
[Board "115"]
[TimeControl "180+1"]
[BlackFideId "1109626"]
[WhiteElo "2539"]
[BlackElo "1951"]
[BlackTeam "POL"]
[WhiteClock "0:00:44"]
[BlackClock "0:00:00"]

1. e4 g6 2. d4 d6 3. Nf3 Nf6 4. Nc3 Bg7 5. Be3 c6 6. Qd2 h5 7. O-O-O b5 8. e5 b4 9. exf6 bxc3 10. Qxc3 Bxf6 11. Bc4 Bg4 12. Qb3 O-O 13. Be2 Bxf3 14. Bxf3 d5 15. h4 Nd7 16. g4 hxg4 17. Bxg4 Rb8 18. Qa3 Nb6 19. b3 Qc7 20. h5 g5 21. Bf5 Kh8 22. h6 e6 23. Bd3 Be7 24. Qa5 Qd6 25. Rhg1 Rg8 26. h7 Rg7 27. Qxa7 f5 28. f4 g4 29. Qa5 Bd8 30. Qc5 Qc7 31. a4 Nd7 32. Qc3 1-0

[Event "December 19 Early 2023"]
[Site "https://www.chess.com"]
[Date "2023.12.19"]
[Round "7"]
[White "Kraus, Tomas"]
[Black "Korchynskyi, Mykola"]
[Result "0-1"]
[Board "116"]
[TimeControl "180+1"]
[WhiteFideId "331708"]
[BlackFideId "34138005"]
[WhiteElo "2371"]
[BlackElo "2007"]
[WhiteTeam "CZE"]
[BlackTeam "UKR"]
[WhiteClock "0:01:12"]
[BlackClock "0:02:38"]

1. e4 e6 2. d4 d5 3. exd5 exd5 4. Nf3 Nf6 5. Bg5 Bd6 6. Bd3 O-O 7. O-O Bg4 8. Nbd2 c6 9. c3 Nbd7 10. Qc2 Qc7 11. h3 Bh5 12. Rfe1 Rfe8 13. a4 Bg6 14. b3 Bf4 15. Bxf4 Qxf4 16. Bxg6 hxg6 17. Qd3 Ne4 18. c4 Ndf6 19. cxd5 cxd5 20. Ne5 Qxd2 21. Qb5 Qxf2+ 0-1

[Event "December 19 Early 2023"]
[Site "https://www.chess.com"]
[Date "2023.12.19"]
[Round "7"]
[White "Hirneise, Jens"]
[Black "Kolmagorov, Alexey"]
[Result "1-0"]
[Board "117"]
[TimeControl "180+1"]
[WhiteFideId "24614734"]
[BlackFideId "34129402"]
[WhiteElo "2311"]
[BlackElo "1989"]
[WhiteTeam "GER"]
[BlackTeam "RUS"]
[WhiteClock "0:00:28"]
[BlackClock "0:00:01"]

1. Nf3 Nf6 2. b3 d5 3. Bb2 g6 4. g3 Bg7 5. Bg2 O-O 6. O-O c5 7. c4 d4 8. e3 Nc6 9. exd4 cxd4 10. b4 Nxb4 11. Bxd4 Bg4 12. Bc3 Nd3 13. h3 Be6 14. Na3 Rc8 15. Ng5 Bxc4 16. Nxc4 Rxc4 17. Bxb7 h6 18. Nf3 Nc5 19. Bc6 Nce4 20. Bxe4 Rxe4 21. Rb1 Qd7 22. Kg2 Nd5 23. Bxg7 Kxg7 24. Qc2 Re6 25. Qb2+ Nf6 26. Qb7 Rd8 27. Rfc1 Nd5 28. d4 Re2 29. a3 Qf5 30. Rb3 Nf6 31. Rc5 Qd7 32. Re5 Qxb7 33. Rxb7 Nd5 34. Rxe2 1-0

[Event "December 19 Early 2023"]
[Site "https://www.chess.com"]
[Date "2023.12.19"]
[Round "7"]
[White "Mesquita, Eduardo Barbosa"]
[Black "Rangel, Daniel"]
[Result "1-0"]
[Board "118"]
[TimeControl "180+1"]
[WhiteFideId "22757163"]
[BlackFideId "2124475"]
[WhiteElo "1953"]
[BlackElo "2267"]
[WhiteTeam "BRA"]
[BlackTeam "BRA"]
[WhiteClock "0:00:10"]
[BlackClock "0:00:06"]

1. e4 c5 2. Nf3 g6 3. d4 cxd4 4. c3 Bg7 5. cxd4 d5 6. e5 Bg4 7. h3 Bxf3 8. Qxf3 e6 9. Bb5+ Nc6 10. O-O Ne7 11. Be3 O-O 12. Nd2 a6 13. Be2 Nf5 14. Nb3 f6 15. exf6 Bxf6 16. Rad1 Nfxd4 17. Nxd4 Nxd4 18. Bxd4 Bxd4 19. Qg4 e5 20. Kh1 Qf6 21. f4 e4 22. f5 g5 23. h4 h6 24. Rd2 Rad8 25. Rfd1 Bxb2 26. Rxd5 Rxd5 27. Rxd5 Rd8 28. Qxe4 Rxd5 29. Qxd5+ Qf7 30. Qd8+ Kg7 31. hxg5 Qxf5 32. Qe7+ Kg6 33. Bf3 Be5 34. Qe8+ Kxg5 35. Qh5+ Kf4 36. Qxh6+ Kg3 37. Qe3 Qh7+ 38. Kg1 Qh2+ 39. Kf1 Qh1+ 40. Ke2 Bf4 41. Qf2+ Kh2 42. Qh4+ Kg1 43. Qxf4 Qh8 44. Qe3+ Kh1 45. g4+ Kh2 46. Qf2+ Kh3 47. Qg2+ Kh4 48. Qh2+ Kg5 49. Qxh8 1-0

[Event "December 19 Early 2023"]
[Site "https://www.chess.com"]
[Date "2023.12.19"]
[Round "7"]
[White "Borawski, Jakub"]
[Black "Horak, Martin"]
[Result "0-1"]
[Board "119"]
[TimeControl "180+1"]
[WhiteFideId "1143000"]
[BlackFideId "367095"]
[WhiteElo "2052"]
[BlackElo "2091"]
[WhiteTeam "POL"]
[BlackTeam "CZE"]
[WhiteClock "0:00:06"]
[BlackClock "0:00:09"]

1. f4 d5 2. e3 Nf6 3. b3 c5 4. Bb5+ Bd7 5. Qe2 a6 6. Bxd7+ Qxd7 7. Nf3 Nc6 8. Bb2 e6 9. O-O Be7 10. d3 O-O 11. Nbd2 b5 12. Ne5 Qc7 13. Ndf3 Nd7 14. Nxc6 Qxc6 15. c4 f6 16. Rac1 dxc4 17. dxc4 Rfd8 18. e4 Nb6 19. cxb5 axb5 20. Nd4 Qd7 21. Qxb5 Qxb5 22. Nxb5 Rxa2 23. Rf2 c4 24. Bd4 Rxf2 25. Bxf2 cxb3 26. Bxb6 Rb8 27. Rb1 Rxb6 28. Rxb3 Bc5+ 29. Kf1 Kf8 30. Ke2 h5 31. Kd3 Bg1 32. h3 g6 33. Kc4 Rc6+ 34. Kd3 Rb6 35. Kc4 Rb8 36. Rb1 Be3 37. f5 gxf5 38. exf5 e5 39. Rc1 Rc8+ 40. Kd3 Bxc1 0-1

[Event "December 19 Early 2023"]
[Site "https://www.chess.com"]
[Date "2023.12.19"]
[Round "7"]
[White "Skibbe, Willi"]
[Black "Durucay, Uygar"]
[Result "1-0"]
[Board "120"]
[TimeControl "180+1"]
[WhiteFideId "4682190"]
[BlackFideId "44591560"]
[WhiteElo "2363"]
[BlackElo "1913"]
[WhiteTeam "GER"]
[BlackTeam "TUR"]
[WhiteClock "0:00:40"]
[BlackClock "0:00:00"]

1. d4 Nf6 2. c4 e6 3. Nf3 Bb4+ 4. Nbd2 O-O 5. a3 Bxd2+ 6. Bxd2 a5 7. b4 d6 8. b5 b6 9. g3 Bb7 10. Bg2 Nbd7 11. O-O Qe7 12. Bg5 h6 13. Bxf6 Qxf6 14. e3 Rad8 15. Nd2 Bxg2 16. Kxg2 e5 17. Qf3 Qg6 18. Qe4 Qe6 19. Qc6 Rc8 20. Rac1 Rfe8 21. Nf3 Re7 22. Rfe1 e4 23. Nd2 Nf6 24. c5 dxc5 25. Qxe6 Rxe6 26. dxc5 Rd8 27. Nc4 bxc5 28. Nxa5 Ra8 29. Nc4 h5 30. h3 h4 31. gxh4 Ra4 32. Rc3 Nd5 33. Rc2 Rg6+ 34. Kf1 Rf6 35. Ke2 Rf3 36. Rd1 Nb6 37. Ne5 Rxh3 38. Rd8+ Kh7 39. Nxf7 Rxa3 40. Ng5+ Kg6 41. Nxh3 c4 42. Nf4+ Kf7 43. h5 Rd3 44. Nxd3 cxd3+ 45. Rxd3 exd3+ 46. Kxd3 1-0

[Event "December 19 Early 2023"]
[Site "https://www.chess.com"]
[Date "2023.12.19"]
[Round "7"]
[White "Kostiukov, Alexandr"]
[Black "Senft, Sean"]
[Result "1-0"]
[Board "121"]
[TimeControl "180+1"]
[WhiteFideId "14108100"]
[BlackFideId "2044960"]
[WhiteElo "2112"]
[BlackElo "2005"]
[WhiteTeam "UKR"]
[BlackTeam "USA"]
[WhiteClock "0:01:01"]
[BlackClock "0:02:01"]

1. g3 d5 2. Bg2 Nf6 3. d3 c6 4. e4 dxe4 5. dxe4 Qxd1+ 6. Kxd1 g6 7. f3 Bg7 8. c3 O-O 9. Be3 Nbd7 10. Nd2 Nb6 11. Ke2 Be6 12. Bh3 Bxh3 13. Nxh3 Rfd8 14. a4 Ne8 15. a5 Nd7 16. Nc4 Nc7 17. Rhd1 Ne6 18. Nf4 Nxf4+ 19. Bxf4 e5 20. Bg5 f6 21. Be3 Bf8 22. b4 Kf7 23. Nd6+ Bxd6 24. Rxd6 Ke7 25. Rad1 a6 26. f4 exf4 27. gxf4 Nf8 28. Bc5 Rxd6 29. Rxd6 Ne6 30. Rxc6+ Nxc5 31. Rxc5 Kd6 32. Rd5+ Ke6 33. c4 Rc8 34. c5 Rg8 35. Rd6+ Ke7 36. Rb6 Rb8 37. c6 Kd6 38. cxb7+ Kc7 39. Kd3 Rxb7 40. Rxb7+ Kxb7 41. e5 fxe5 42. fxe5 g5 43. Ke4 h5 44. Kf5 g4 45. Kg5 Kc6 46. e6 Kd6 47. b5 axb5 48. a6 b4 49. a7 b3 50. a8=Q b2 51. Qb7 b1=Q 52. Qxb1 Kxe6 1-0

[Event "December 19 Early 2023"]
[Site "https://www.chess.com"]
[Date "2023.12.19"]
[Round "7"]
[White "Mesa Cruz, Juan Carlos"]
[Black "Devaev, Alexander"]
[Result "0-1"]
[Board "122"]
[TimeControl "180+1"]
[WhiteFideId "6423400"]
[BlackFideId "4169395"]
[WhiteElo "2142"]
[BlackElo "2172"]
[WhiteTeam "DOM"]
[BlackTeam "RUS"]
[WhiteClock "0:00:00"]
[BlackClock "0:00:04"]

1. e4 c6 2. Nc3 d5 3. Nf3 Nf6 4. Bd3 Bg4 5. h3 Bh5 6. exd5 Nxd5 7. Bc4 e6 8. Ne4 Be7 9. Ng3 Bg6 10. d4 O-O 11. O-O Nd7 12. Qe2 Re8 13. c3 h6 14. Ne5 Nxe5 15. Qxe5 Bd6 16. Qe2 Nf6 17. f4 Qc7 18. Qf3 c5 19. Bb5 Red8 20. Be3 cxd4 21. cxd4 Nd5 22. Bd2 Qb6 23. f5 Qxd4+ 24. Kh1 exf5 25. Bxh6 Bxg3 26. Rad1 Qe5 27. Bc4 Nf6 28. Bd2 Ne4 29. Be3 Rxd1 30. Rxd1 f4 31. Bd4 Qf5 32. Bd3 Re8 33. Rf1 Qd7 34. Bc3 Nxc3 35. Bxg6 fxg6 36. Qxc3 Kh7 37. Qc2 Qf5 38. Qc3 Qe4 39. Qc5 b6 40. Qg5 Qe1 0-1

[Event "December 19 Early 2023"]
[Site "https://www.chess.com"]
[Date "2023.12.19"]
[Round "7"]
[White "Koridze, Lile"]
[Black "Tabuenca Mendataurigoitia, Daniel"]
[Result "1-0"]
[Board "123"]
[TimeControl "180+1"]
[WhiteFideId "13612514"]
[BlackFideId "24563617"]
[WhiteElo "2061"]
[BlackElo "2130"]
[WhiteTeam "GEO"]
[BlackTeam "ESP"]
[WhiteClock "0:01:32"]
[BlackClock "0:00:02"]

1. d4 d6 2. c4 e5 3. Nc3 exd4 4. Qxd4 Nc6 5. Qd1 Nf6 6. Nf3 g6 7. Bg5 Bg7 8. e3 O-O 9. Be2 h6 10. Bh4 a5 11. O-O Be6 12. Nd5 Nb4 13. a3 Nbxd5 14. cxd5 Bd7 15. Rc1 g5 16. Bg3 Re8 17. Qc2 Rc8 18. Qb3 b6 19. Ba6 Ra8 20. Bb5 Ne4 21. Bxd7 Qxd7 22. Qc4 Nc5 23. Nd4 a4 24. Rfe1 Bxd4 25. exd4 Nb3 26. Rcd1 Rxe1+ 27. Rxe1 Re8 28. f3 Rxe1+ 29. Bxe1 Qe7 30. Kf2 f5 31. Qxa4 Nc1 32. Qc4 Qg7 33. Qxc1 Qxd4+ 34. Kf1 Qxd5 35. Qxc7 Qd3+ 36. Kg1 Qd4+ 37. Kh1 Qe5 38. Qc3 Qe2 39. Kg1 d5 40. Qc8+ Kg7 41. Bc3+ Kg6 42. Qc6+ Kh5 43. Qxd5 f4 44. Qd2 Qe6 45. g3 fxg3 46. hxg3 Qc4 47. Kg2 g4 48. fxg4+ Kxg4 49. Qd7+ Kh5 50. Qf5# 1-0

[Event "December 19 Early 2023"]
[Site "https://www.chess.com"]
[Date "2023.12.19"]
[Round "7"]
[White "Korol, Dimitry"]
[Black "Krzywda, Andrzej"]
[Result "0-1"]
[Board "124"]
[TimeControl "180+1"]
[WhiteFideId "14108003"]
[BlackFideId "1114565"]
[WhiteElo "2262"]
[BlackElo "2130"]
[WhiteTeam "UKR"]
[BlackTeam "POL"]
[WhiteClock "0:00:00"]
[BlackClock "0:00:19"]

1. d4 d5 2. c4 dxc4 3. Nf3 Nf6 4. Nc3 a6 5. e4 b5 6. e5 Nd5 7. a4 e6 8. axb5 Bb4 9. Bd2 Nb6 10. bxa6 Rxa6 11. Rxa6 Bxa6 12. Be2 Nc6 13. Ne4 Qd5 14. Nc3 Qd7 15. Ne4 O-O 16. O-O Rd8 17. Bg5 Rb8 18. Qc1 Ne7 19. Rd1 Nf5 20. h4 h6 21. Bxh6 Nxh6 22. Qg5 Nd5 23. Nf6+ Nxf6 24. exf6 Bf8 25. Ne5 Qd8 26. fxg7 Bxg7 27. Qg3 Nf5 28. Qf3 Bb7 29. Qf4 Qxh4 0-1

[Event "December 19 Early 2023"]
[Site "https://www.chess.com"]
[Date "2023.12.19"]
[Round "7"]
[White "Reprintsev, Alexander"]
[Black "Guimaraes, Wagner Peixoto"]
[Result "1-0"]
[Board "125"]
[TimeControl "180+1"]
[WhiteFideId "14100541"]
[BlackFideId "2100940"]
[WhiteElo "2229"]
[BlackElo "2140"]
[WhiteTeam "UKR"]
[BlackTeam "BRA"]
[WhiteClock "0:01:50"]
[BlackClock "0:00:20"]

1. e4 c5 2. b3 Nf6 3. e5 Nd5 4. Nc3 Nc7 5. d4 cxd4 6. Qxd4 Nc6 7. Qe3 g6 8. Bb2 Bg7 9. Nf3 d5 10. exd6 Qxd6 11. Nb5 Qb4+ 12. c3 Qxb5 13. Bxb5 Nxb5 14. O-O-O h5 15. c4 Bh6 16. Ng5 f6 17. cxb5 Bxg5 18. f4 1-0

[Event "December 19 Early 2023"]
[Site "https://www.chess.com"]
[Date "2023.12.19"]
[Round "7"]
[White "Hnydiuk, Aleksander"]
[Black "Pogorelskikh, Sofia"]
[Result "1-0"]
[Board "126"]
[TimeControl "180+1"]
[WhiteFideId "1109057"]
[BlackFideId "44164548"]
[WhiteElo "2374"]
[BlackElo "2031"]
[WhiteTeam "POL"]
[BlackTeam "SRB"]
[WhiteClock "0:00:55"]
[BlackClock "0:00:02"]

1. e4 e5 2. Nf3 Nc6 3. d4 exd4 4. Nxd4 Nf6 5. Nxc6 bxc6 6. Qe2 d6 7. Nc3 Be7 8. Bf4 O-O 9. O-O-O Bg4 10. f3 Be6 11. g4 Qb8 12. Kb1 Nd7 13. Be3 Ne5 14. Qf2 Nc4 15. Bxc4 Bxc4 16. h4 Bf6 17. Bd4 Bxd4 18. Qxd4 Be6 19. h5 Qb6 20. h6 Qxd4 21. Rxd4 g6 22. Ne2 c5 23. Ra4 a5 24. Nf4 Bd7 25. Ra3 Rfb8 26. Rd1 Bc6 27. Nd5 Bxd5 28. Rxd5 Kf8 29. e5 Ke7 30. exd6+ cxd6 31. Re3+ Kd7 32. Red3 Rb6 33. Rxc5 Re8 34. b3 a4 35. Kb2 axb3 36. axb3 Re2 37. Rc4 Ke6 38. Rc8 Kd7 39. Rf8 Rc6 40. Rc3 Rxc3 41. Kxc3 Re3+ 42. Kb2 Rxf3 43. Rh8 Rf4 44. Rxh7 Ke6 45. g5 Rg4 46. Rh8 Rxg5 47. h7 Kf6 48. Rg8 Rh5 49. h8=Q+ 1-0

[Event "December 19 Early 2023"]
[Site "https://www.chess.com"]
[Date "2023.12.19"]
[Round "7"]
[White "Blokhin, Sofia"]
[Black "Parfenov, Viktor N."]
[Result "0-1"]
[Board "127"]
[TimeControl "180+1"]
[WhiteFideId "4508190"]
[BlackFideId "4165969"]
[WhiteElo "1916"]
[BlackElo "2093"]
[WhiteTeam "EST"]
[BlackTeam "RUS"]
[WhiteClock "0:00:02"]
[BlackClock "0:00:36"]

1. d4 d5 2. c4 e6 3. Nc3 Nf6 4. Nf3 Nbd7 5. cxd5 exd5 6. e3 c6 7. Bd3 Bd6 8. O-O O-O 9. Qc2 Re8 10. Re1 Nf8 11. b3 Bg4 12. Nd2 Bh5 13. e4 dxe4 14. Ndxe4 Nxe4 15. Nxe4 Bg6 16. Bg5 Qc7 17. g3 Ne6 18. Bd2 Nxd4 19. Qb2 Nf3+ 20. Kg2 Nxe1+ 21. Rxe1 Be5 22. Qc2 Rad8 23. f4 Bd4 24. f5 Bxf5 25. Bf4 Qd7 26. Nf6+ Bxf6 27. Bxf5 Qd5+ 28. Be4 Qh5 29. Bc7 Rc8 30. Bf4 g6 31. b4 Kg7 32. a4 a6 33. h3 Rcd8 34. Qc4 Rd4 35. Qc2 Rexe4 36. Rxe4 Qd5 37. Kf3 h5 38. Ke3 Rxe4+ 39. Qxe4 Qxe4+ 40. Kxe4 Kf8 41. Be3 Ke7 42. Bc5+ Ke6 43. g4 hxg4 44. hxg4 b5 45. axb5 axb5 46. Bf2 Be7 47. Be1 f5+ 48. gxf5+ gxf5+ 49. Kf4 Bd6+ 50. Kg5 Be5 51. Bd2 Bf6+ 52. Kf4 Bd8 53. Kf3 Kd5 54. Kf4 Kc4 55. Kxf5 Be7 56. Ke6 Bxb4 57. Bc1 c5 58. Kd6 Bc3 59. Kc6 b4 60. Be3 Bd4 61. Bc1 Kb3 62. Kd5 Bg1 63. Ke4 c4 64. Kd5 c3 65. Ke4 Kc2 66. Bf4 b3 67. Kf3 b2 0-1

[Event "December 19 Early 2023"]
[Site "https://www.chess.com"]
[Date "2023.12.19"]
[Round "7"]
[White "Fernandez Siles, Luis"]
[Black "Kochiev, Ivan"]
[Result "0-1"]
[Board "128"]
[TimeControl "180+1"]
[WhiteFideId "2209420"]
[BlackFideId "2917890"]
[WhiteElo "2195"]
[BlackElo "2285"]
[WhiteTeam "ESP"]
[BlackTeam "BUL"]
[WhiteClock "0:00:22"]
[BlackClock "0:01:22"]

1. e4 d5 2. exd5 Qxd5 3. Nc3 Qa5 4. g3 c6 5. Bg2 Nf6 6. Nf3 Bf5 7. O-O e6 8. Re1 Bd6 9. Nd4 Bg6 10. d3 O-O 11. Bd2 Qc7 12. a4 a6 13. a5 c5 14. Nde2 Nc6 15. Ne4 Be7 16. Bc3 Nd5 17. Bd2 Rfd8 18. Qc1 Rac8 19. Nf4 Ndb4 20. Nxg6 hxg6 21. Bg5 Nd4 22. Bxe7 Qxe7 23. c3 Nxd3 24. Qd2 0-1

[Event "December 19 Early 2023"]
[Site "https://www.chess.com"]
[Date "2023.12.19"]
[Round "7"]
[White "Sevostianov, Vladimir"]
[Black "Sreyas Payyappat"]
[Result "1-0"]
[Board "129"]
[TimeControl "180+1"]
[WhiteFideId "4144163"]
[BlackFideId "46674969"]
[WhiteElo "2150"]
[BlackElo "2043"]
[WhiteTeam "RUS"]
[BlackTeam "IND"]
[WhiteClock "0:02:00"]
[BlackClock "0:01:05"]

1. d4 Nf6 2. Nf3 c5 3. e3 e6 4. Be2 Nc6 5. O-O d5 6. c4 Bd6 7. dxc5 Bxc5 8. a3 O-O 9. b4 Bd6 10. Bb2 Bb8 11. Nc3 dxc4 12. Qxd8 Rxd8 13. Bxc4 Nd5 14. Bxd5 exd5 15. Rad1 Be6 16. Nb5 Bg4 17. h3 Bxf3 18. gxf3 Be5 19. Nd4 Rd7 20. Rd2 Rad8 21. Nxc6 Bxb2 22. Nxd8 Bxa3 23. Rfd1 Rxd8 24. Rxd5 Rf8 25. b5 f5 26. Rd7 f4 27. e4 h6 28. Rxb7 Bc5 29. Rdd7 1-0

[Event "December 19 Early 2023"]
[Site "https://www.chess.com"]
[Date "2023.12.19"]
[Round "7"]
[White "Sailer, Mike"]
[Black "Rakhimgaliyev, Yerlan"]
[Result "0-1"]
[Board "130"]
[TimeControl "180+1"]
[WhiteFideId "2012901"]
[BlackFideId "13705148"]
[WhiteElo "2109"]
[BlackElo "2261"]
[WhiteTeam "USA"]
[BlackTeam "KAZ"]
[WhiteClock "0:00:00"]
[BlackClock "0:02:07"]

1. d4 Nf6 2. Nc3 d5 3. Bf4 g6 4. e3 Bg7 5. h4 c5 6. Be2 Nc6 7. Qd2 Bf5 8. Nf3 O-O 9. O-O-O Rc8 10. Ne5 cxd4 11. exd4 Qa5 12. g4 Nb4 13. a4 Bxc2 14. Bb5 Ne4 15. Nxe4 Bxe4+ 0-1

[Event "December 19 Early 2023"]
[Site "https://www.chess.com"]
[Date "2023.12.19"]
[Round "7"]
[White "Yushko, Olga"]
[Black "Yuan, Qingyu"]
[Result "0-1"]
[Board "131"]
[TimeControl "180+1"]
[WhiteFideId "14114500"]
[BlackFideId "8609772"]
[WhiteElo "1891"]
[BlackElo "2359"]
[WhiteTeam "UKR"]
[BlackTeam "CHN"]
[WhiteClock "0:00:04"]
[BlackClock "0:00:05"]

1. d4 g6 2. c4 Bg7 3. Nf3 d6 4. Bg5 c5 5. e3 Bg4 6. Be2 cxd4 7. exd4 Nf6 8. O-O h6 9. Bh4 O-O 10. Nc3 Nc6 11. h3 Bd7 12. Re1 Rc8 13. a3 Na5 14. Nd2 Nc6 15. Nf3 a6 16. Rc1 Na5 17. Nd2 Nc6 18. Nf3 Re8 19. b4 g5 20. Bg3 Nh5 21. Bh2 e5 22. dxe5 dxe5 23. Nxe5 Nxe5 24. Bxe5 Rxe5 25. Bxh5 Rxe1+ 26. Qxe1 Rxc4 27. Nd5 Rxc1 28. Qxc1 Bc6 29. Ne3 Qd3 30. Qd1 Qxa3 31. Qd8+ Bf8 32. Qf6 Be8 33. Nf5 Qc1+ 34. Kh2 Qc6 35. Qe5 Bd7 36. Bf3 Qe6 37. Qxe6 fxe6 38. Nd4 b6 39. Bb7 Bxb4 40. Bxa6 Bc5 41. Nf3 Bxf2 42. Ne5 Be8 43. Bc4 Bf7 44. Nc6 Bc5 45. Nd8 Kg7 46. Nxe6+ Kf6 47. Nxc5 bxc5 48. Bd3 Bb3 49. Kg3 c4 50. Be4 c3 51. Kg4 c2 52. Bxc2 Bxc2 53. Kh5 Kg7 54. h4 Bg6+ 55. Kg4 Kf6 56. hxg5+ hxg5 57. Kg3 Kf5 58. Kf3 Bh5+ 59. Kg3 Bd1 60. Kh3 Kf4 61. g3+ Kf3 62. Kh2 g4 63. Kg1 Kxg3 64. Kf1 Kh2 0-1

[Event "December 19 Early 2023"]
[Site "https://www.chess.com"]
[Date "2023.12.19"]
[Round "7"]
[White "Hua, Lefong"]
[Black "Kiselev, Pavel"]
[Result "1-0"]
[Board "132"]
[TimeControl "180+1"]
[WhiteFideId "2602253"]
[BlackFideId "4191102"]
[WhiteElo "2677"]
[BlackElo "2145"]
[WhiteTeam "CAN"]
[BlackTeam "RUS"]
[WhiteClock "0:00:15"]
[BlackClock "0:00:02"]

1. d4 Nf6 2. c4 e6 3. Nc3 Bb4 4. f3 d5 5. a3 Be7 6. e4 dxe4 7. fxe4 c5 8. d5 exd5 9. exd5 O-O 10. Nf3 a6 11. a4 Bd6 12. Be2 Bg4 13. O-O Nbd7 14. Ng5 Bxe2 15. Qxe2 h6 16. Nf3 Re8 17. Qd3 Qc7 18. Bd2 Ne5 19. Nxe5 Bxe5 20. h3 Nh5 21. g4 Nf6 22. Rae1 Bg3 23. Rxe8+ Rxe8 24. Kg2 Bh4 25. Bf4 Qd7 26. Qf3 b6 27. Rd1 Nh7 28. d6 Bg5 29. Ne4 Qxa4 30. b3 Qd7 31. Bg3 Nf6 32. Nc3 b5 33. h4 Nxg4 34. hxg5 Ne3+ 35. Kh2 Nxd1 36. Nxd1 hxg5 37. Nf2 bxc4 38. bxc4 Qe6 39. Qd5 Qh6+ 40. Kg2 Rd8 41. Ng4 Qg6 42. Ne3 Kf8 43. Qxc5 Kg8 44. Qd4 Qe6 45. c5 Qd7 46. Qd5 Rc8 47. Bf2 a5 48. Nf5 Kf8 49. Ne7 Re8 50. c6 Qg4+ 51. Kf1 Qh3+ 52. Ke2 Qg4+ 53. Kd2 Qf4+ 54. Be3 Qh2+ 55. Kd3 Qh3 56. c7 Qd7 57. c8=Q Rxc8 58. Nxc8 Qxc8 59. d7 Qd8 60. Bc5+ Kg8 61. Be7 Qxe7 62. d8=Q+ Qxd8 63. Qxd8+ 1-0

[Event "December 19 Early 2023"]
[Site "https://www.chess.com"]
[Date "2023.12.19"]
[Round "7"]
[White "Rozhkov, Viacheslav"]
[Black "Graca, Robert"]
[Result "1-0"]
[Board "133"]
[TimeControl "180+1"]
[WhiteFideId "4181484"]
[BlackFideId "644943"]
[WhiteElo "2237"]
[BlackElo "2204"]
[WhiteTeam "RUS"]
[BlackTeam "FRA"]
[WhiteClock "0:00:31"]
[BlackClock "0:00:02"]

1. e4 c5 2. Nf3 d6 3. d4 cxd4 4. Nxd4 Nf6 5. Nc3 g6 6. Be3 Bg7 7. f3 O-O 8. Qd2 Nc6 9. O-O-O d5 10. Kb1 Nxd4 11. e5 Nf5 12. exf6 exf6 13. Nxd5 Nxe3 14. Qxe3 Be6 15. Bc4 f5 16. h4 b5 17. Bb3 a5 18. c3 Bxd5 19. Bxd5 Qe8 20. Qc1 Ra7 21. h5 Qe5 22. hxg6 hxg6 23. Qg5 Qf6 24. Qg3 Rd8 25. Bb3 Rxd1+ 26. Rxd1 Ra8 27. Rd7 Rf8 28. Rd6 Qe7 29. Rxg6 f4 30. Rxg7+ Kh8 31. Qg5 Qe1+ 32. Kc2 Qe2+ 33. Kc1 Qe1+ 34. Bd1 Qe3+ 35. Kc2 Qf2+ 36. Kb1 Qe1 37. Qh6# 1-0

[Event "December 19 Early 2023"]
[Site "https://www.chess.com"]
[Date "2023.12.19"]
[Round "7"]
[White "Novoselov, Roman"]
[Black "Khodabandeh, Milad"]
[Result "0-1"]
[Board "134"]
[TimeControl "180+1"]
[WhiteFideId "4135067"]
[BlackFideId "12538620"]
[WhiteElo "2250"]
[BlackElo "1846"]
[WhiteTeam "RUS"]
[BlackTeam "IRI"]
[WhiteClock "0:00:00"]
[BlackClock "0:00:03"]

1. d4 d5 2. Nf3 Nf6 3. Bf4 c5 4. e3 Nc6 5. Nbd2 e6 6. c3 Bd6 7. Ne5 cxd4 8. exd4 Bxe5 9. dxe5 Nd7 10. Qg4 g6 11. Nf3 h5 12. Qg3 Qa5 13. Bd3 d4 14. O-O dxc3 15. bxc3 h4 16. Qg4 Ndxe5 17. Nxe5 Nxe5 18. Qg5 Rh5 19. Qf6 Nxd3 20. Rad1 Qf5 21. Qg7 Ke7 22. Qg8 b6 23. Bd6+ Kd7 24. Qf8 Kc6 25. Qe8+ Kb7 26. Qe7+ Ka6 27. Qc7 Bb7 28. a4 Nc5 29. Rb1 Qd5 30. f3 Qc6 31. Qe7 Rc8 32. Kh1 Rd5 33. Rb5 Qxd6 34. Qxf7 h3 35. Qxg6 hxg2+ 36. Kxg2 Rd2+ 37. Kg1 Qd3 0-1

[Event "December 19 Early 2023"]
[Site "https://www.chess.com"]
[Date "2023.12.19"]
[Round "7"]
[White "Santos, Rafael Ventura Dos"]
[Black "TitarovVasiliYouTube"]
[Result "1-0"]
[Board "135"]
[TimeControl "180+1"]
[WhiteFideId "2122227"]
[WhiteElo "2138"]
[BlackElo "2564"]
[WhiteTeam "BRA"]
[WhiteClock "0:00:44"]
[BlackClock "0:00:00"]

1. e4 c5 2. c4 Nc6 3. Ne2 Nf6 4. Nbc3 e6 5. g3 Be7 6. Bg2 O-O 7. O-O Qb6 8. b3 d6 9. h3 a6 10. d3 Bd7 11. f4 Qc7 12. g4 Nd4 13. Be3 Nxe2+ 14. Qxe2 Bc6 15. g5 Nd7 16. Qg4 Rfe8 17. f5 Ne5 18. Qh5 exf5 19. exf5 Bxg2 20. Kxg2 Bf8 21. Nd5 Qd8 22. Rad1 b5 23. Bc1 Qd7 24. f6 g6 25. Qh4 Nc6 26. Rf2 Re5 27. Bf4 Rxd5 28. cxd5 Nb4 29. Qg3 Nxd5 30. Bc1 Re8 31. Qf3 Nb4 32. Re2 Rxe2+ 33. Qxe2 Qf5 34. a3 Nd5 35. Qf3 Qe6 36. Qe4 Nc7 37. Qxe6 Nxe6 38. Be3 d5 39. h4 d4 40. Bc1 h6 41. Re1 hxg5 42. hxg5 Bd6 43. Kf3 1-0